 Dungeon Crawl Stone Soup version 0.26.0-16-gc1dbca0489 (webtiles) character file.

Game seed: 11361927754473927003

14385 kaeus the Fighter (level 11, 0/150 HPs)
             Began as a Demonspawn Fighter on Jan 21, 2021.
             Was a Priest of Ashenzari.
             Succumbed to canine's ghost's poison
             ... on level 12 of the Dungeon.
             The game lasted 00:31:36 (13894 turns).

kaeus the Fighter (Demonspawn Fighter)             Turns: 13894, Time: 00:31:36

Health: 0/150      AC: 26    Str: 24      XL:     11   Next: 88%
Magic:  9/11       EV:  6    Int:  4 (10) God:    Ashenzari [***...]
Gold:   726        SH: 11    Dex:  7 (10) Spells: 10/10 levels left

rFire    + . .     SeeInvis +   f - +7 dagger (venom) (curse)
rCold    + . .     Faith    .   c - +0 kite shield
rNeg     . . .     Spirit   +   u - +3 plate armour
rPois    .         Reflect  .   (helmet restricted)
rElec    .         Harm     .   (no cloak)
rCorr    .         Rampage  .   (gloves unavailable)
Will     .....     Rnd*Rage +   (no boots)
Stlth    ..........             j - amulet of guardian spirit (curse)
HPRegen  0.35/turn              b - ring of protection from cold (curse)
MPRegen  0.12/turn              x - +6 ring of strength (curse)

@: mighty, berserking (expiring), lethally poisoned (0 -> -36), sanguine armour,
attractive, very quick
A: claws 3, horns 1, berserk 1, blurry vision 1, clumsy 1, demonic guardian 1,
fire resistance 1, powered by pain 1, robust 1, screaming 1, weak 1, no potion
heal 1, sanguine armour 2
a: Renounce Religion, Curse Item, Scrying


You were on level 12 of the Dungeon.
You worshipped Ashenzari.
Ashenzari was most pleased with you.
You visited 2 branches of the dungeon, and saw 13 of its levels.

You collected 726 gold pieces.

Inventory:

Hand Weapons
 f - a cursed +7 dagger of venom (weapon)
 C - the +10 long sword of Dissolution {vorpal, rElec SInv}
   (You found it on level 8 of the Dungeon)

   It inflicts extra damage upon your enemies.
   It insulates you from electricity.
   It lets you see invisible.
Armour
 c - a +0 kite shield (worn)
 u - a +3 plate armour (worn)
Jewellery
 b - a cursed ring of protection from cold (left claw)
 j - a cursed amulet of guardian spirit (around neck)
 l - a +6 ring of intelligence
 p - an uncursed ring of stealth
 w - a +6 ring of intelligence
 x - a cursed +6 ring of strength (right claw)
 J - an uncursed ring of ice
Wands
 k - a wand of flame (77)
 B - a wand of iceblast (19)
 E - a wand of polymorph (8)
 F - a wand of digging (5)
 G - a wand of random effects (20)
 K - a wand of acid (7)
Scrolls
 a - 2 scrolls of magic mapping {unknown}
 e - 6 scrolls of identify
 h - 9 scrolls of teleportation
 o - a scroll of fog {unknown}
 r - 5 scrolls of amnesia {unknown}
 t - 4 scrolls of remove curse
 y - a scroll of fear {unknown}
 A - 4 scrolls of immolation {unknown}
 H - a scroll of noise {unknown}
 I - 2 scrolls of silence {unknown}
Potions
 d - 3 potions of might
 g - a potion of magic {unknown}
 i - a potion of attraction
 m - a potion of ambrosia {unknown}
 n - 2 potions of flight
 s - a potion of haste {unknown}
 v - 2 potions of resistance
 z - 2 potions of brilliance
 D - a potion of lignification {unknown}


   Skills:
 + Level 10.2 Fighting
 + Level 9.1(11.9) Short Blades
 + Level 9.3 Armour
 - Level 1.9 Stealth
 + Level 9.3 Shields


You had 10 spell levels left.
You didn't know any spells.
Your spell library contained the following spells:

 Spells                   Type           Power        Failure   Level
 Corona                   Hex            0%           100%        1
 Ensorcelled Hibernation  Hex/Ice        0%           100%        2
 Confusing Touch          Hex            0%           100%        3
 Dazzling Flash           Conj/Hex       0%           100%        3
 Tukima's Dance           Hex            0%           100%        3


Dungeon Overview and Level Annotations

Branches:
Dungeon (12/15)            Temple (1/1) D:4            Lair (0/6) D:9
    Orc: D:9-12

Altars:
Ashenzari
Cheibriados
Dithmenos
Elyvilon
Fedhas
Gozag
Hepliaklqana
Kikubaaqudgha
Makhleb
Nemelex Xobeh
Okawaru
Qazlal
Ru
Sif Muna
Trog
Uskayaw
Vehumet
Wu Jian
Xom
Yredelemnul
Zin
The Shining One

Shops:
D:11 :

Annotations:
D:12 canine's ghost, journeyman GnDe


Innate Abilities, Weirdness & Mutations

You have claws for hands.
A weak demonic guardian rushes to your aid.
You sometimes gain a little power by taking damage.
When seriously injured, your bleeding wounds create thick armour. (AC +9)
You have a pair of small horns on your head.
You tend to lose your temper in combat.
Scrolls take you a little longer to read.
You are clumsy. (Dex -2)
Your flesh is heat resistant. (rF+)
You are robust. (+10% HP)
You occasionally shout uncontrollably at your foes.
You are weak. (Str -2)
Potions are less effective at restoring your health.


Message History

You swap places.
* * * LOW HITPOINT WARNING * * *
You feel sick. The neqoxec gestures at you.
Strange energies course through your body.
You feel a little pissed off. Canine's ghost hits your shadow imp!
Your shadow imp is poisoned.
The crimson imp summons a swarm of flies.
You take 1 damage, and have 6/150 hp.
You feel a strong urge to attack something.
* * * LOW HITPOINT WARNING * * *
You feel very sick.
Your shadow imp misses canine's ghost.
The neqoxec hits your shadow imp.
Your shadow imp dies!
The quasit is pulled toward you! x2; The ufetubus is pulled toward you!
There is a transporter here.
You take 3 damage, and have 3/150 hp.
You enter the transporter and appear at another place.
You die...

.....#..#....$!?$.#..##.#######
.......##.##..=###....#........
.......#.....#.....#.##........*
#####..#..##.{5..#...#...#####.*,
#))#....55#35##..#.).#
#))##...#553#5...#...# ,
#...#....#35W...##...#
#...#####5{###©##(...#
#.......####@###(....## *, *
#...........35...........
...................(........,
....######################+##*
....* ,, , , ,, ..., , ,* ,
...,*,, , , , , , , , ,,,* *


You could see a neqoxec (very poisoned) and a quasit.

Vanquished Creatures
  Fannar (D:10)
  Harold (D:7)
  A queen ant (D:9)
  An unseen horror (D:9)
  An ugly thing (D:10)
  Pikel (D:9)
  A cyclops (D:11)
  3 manticores
  Joseph (D:10)
  2 kobold demonologists (D:7)
  A wraith (D:11)
  Grum (D:8)
  5 yaks (D:10)
  A neqoxec (D:12)
  20 soldier ants (D:9)
  5 sky beasts
  A hornet zombie (D:11)
  2 phantoms
  A black bear (D:8)
  5 ogres
  4 orc warriors
  4 necrophages
  An eye of draining (D:8)
  4 wolves (D:8)
  6 centaurs
  2 lemures (D:9)
  2 big kobolds (D:7)
  A bullfrog (D:9)
  A wyvern zombie (D:9)
  A water moccasin zombie (D:6)
  A scorpion (D:11)
  6 killer bees (D:7)
  2 water moccasin skeletons
  6 wights
  A howler monkey (D:9)
  2 electric eels (D:10)
  2 bullfrog zombies
  2 quasits
  13 orc wizards
  A centaur skeleton (D:11)
  3 hounds
  2 jellies
  2 orc priests
  2 iguanas
  21 worker ants
  2 hound zombies
  2 hound skeletons
  3 worker ant zombies
  Robin (D:2)
  3 gnolls (D:6)
  11 adders
  6 white imps
  2 ufetubi
  An adder skeleton (D:7)
  2 adder zombies
  3 worms
  2 dart slugs
  A leopard gecko (D:10)
  35 orcs
  2 giant cockroaches
  13 goblins
  10 hobgoblins
  7 kobolds
  A quokka (D:4)
  9 bats
  9 frilled lizards
  A quokka skeleton (D:5)
  9 rats
  A bush (D:6)
283 creatures vanquished.

Vanquished Creatures (collateral kills)
  A phantom (D:10)
  A black bear (D:8)
  2 ogres
  A scorpion (D:8)
  A howler monkey (D:11)
  2 worker ants
  2 orcs
  A quokka zombie (D:6)
11 creatures vanquished.

Vanquished Creatures (others)
  12 plants (D:6)
12 creatures vanquished.

Grand Total: 306 creatures vanquished

Notes
Turn   | Place    | Note
-------+----------+-------------------------------------------
     0 | D:1      | kaeus the Demonspawn Fighter began the quest for the Orb.
     0 | D:1      | Reached XP level 1. HP: 18/18 MP: 1/1
   274 | D:1      | Gained mutation: You have sharp fingernails. [demonic
                  | ancestry]
   274 | D:1      | Reached XP level 2. HP: 18/24 MP: 2/2
   985 | D:2      | Reached XP level 3. HP: 29/29 MP: 3/3
  1092 | D:2      | Noticed Robin
  1107 | D:2      | Killed Robin
  1675 | D:2      | Gained mutation: You sometimes gain a little power by
                  | taking damage. [demonic ancestry]
  1675 | D:2      | Reached XP level 4. HP: 35/36 MP: 4/4
  2856 | D:3      | Gained mutation: You have very sharp fingernails. [demonic
                  | ancestry]
  2856 | D:3      | Reached XP level 5. HP: 38/42 MP: 5/5
  2913 | D:3      | Reached skill level 4 in Fighting
  2913 | D:3      | Reached skill level 1 in Stealth
  3652 | D:4      | Gained mutation: A weak demonic guardian rushes to your
                  | aid. [demonic ancestry]
  3652 | D:4      | Reached XP level 6. HP: 43/47 MP: 6/6
  3769 | D:4      | Found a staircase to the Ecumenical Temple.
  3783 | Temple   | Entered the Ecumenical Temple
  4046 | Temple   | Became a worshipper of Ashenzari the Shackled
  4605 | D:5      | Entered Level 5 of the Dungeon
  4901 | D:5      | Found a glowing golden altar of the Shining One.
  4903 | D:5      | Found a shimmering altar of Xom.
  4903 | D:5      | Found a shimmering altar of Xom.
  4905 | D:5      | Found a blossoming altar of Fedhas.
  4905 | D:5      | Found an ornate altar of the Wu Jian Council.
  4905 | D:5      | Found a glowing silver altar of Zin.
  5109 | D:5      | Reached * piety under Ashenzari
  5314 | D:6      | Noticed a sky beast
  5358 | D:6      | Noticed an orc warrior
  5369 | D:5      | Killed an orc warrior
  5370 | D:5      | Reached XP level 7. HP: 24/55 MP: 3/7
  5753 | D:6      | Reached skill level 5 in Fighting
  6838 | D:6      | Gained mutation: You evolve. [potion of mutation]
  6838 | D:6      | Gained mutation: Your body sometimes deteriorates upon
                  | taking damage. [potion of mutation]
  6838 | D:6      | Gained mutation: Your body often deteriorates upon taking
                  | damage. [potion of mutation]
  6838 | D:6      | Gained mutation: Your flesh is heat resistant. (rF+)
                  | [potion of mutation]
  6839 | D:6      | Lost mutation: You evolve. [potion of mutation]
  6839 | D:6      | Lost mutation: Your body often deteriorates upon taking
                  | damage. [potion of mutation]
  6839 | D:6      | Lost mutation: Your body sometimes deteriorates upon taking
                  | damage. [potion of mutation]
  6839 | D:6      | Gained mutation: You have a pair of small horns on your
                  | head. [potion of mutation]
  6839 | D:6      | Gained mutation: Potions are less effective at restoring
                  | your health. [potion of mutation]
  6839 | D:6      | Gained mutation: You are weak. (Str -2) [potion of
                  | mutation]
  6839 | D:6      | Gained mutation: You are robust. (+10% HP) [potion of
                  | mutation]
  6898 | D:6      | Gained mutation: When seriously injured, your bleeding
                  | wounds create armour. (AC +9) [demonic ancestry]
  6898 | D:6      | Reached XP level 8. HP: 68/69 MP: 8/8
  6903 | D:6      | Reached skill level 5 in Armour
  6944 | D:6      | Reached skill level 5 in Shields
  7011 | D:6      | Found a blossoming altar of Fedhas.
  7134 | D:6      | Reached skill level 6 in Fighting
  7134 | D:6      | Reached skill level 5 in Short Blades
  7653 | D:7      | Noticed Harold
  7675 | D:7      | Killed Harold
  7676 | D:7      | Reached XP level 9. HP: 59/78 MP: 9/9
  8015 | D:7      | Reached ** piety under Ashenzari
  8071 | D:8      | Found a bloodstained altar of Trog.
  8077 | D:8      | Reached skill level 7 in Fighting
  8193 | D:8      | Noticed a kobold demonologist
  8232 | D:7      | Killed a kobold demonologist
  8236 | D:8      | Noticed a kobold demonologist
  8257 | D:7      | Killed a kobold demonologist
  8631 | D:8      | Identified the +10 long sword of Dissolution {vorpal, rElec
                  | SInv}
  8640 | D:8      | Noticed Grum
  8658 | D:8      | Killed Grum
  8659 | D:8      | Gained mutation: When seriously injured, your bleeding
                  | wounds create thick armour. (AC +9) [demonic ancestry]
  8659 | D:8      | Reached XP level 10. HP: 75/88 MP: 8/10
  8906 | D:8      | Reached skill level 8 in Fighting
  9628 | D:9      | Noticed a queen ant
  9654 | D:9      | Killed a queen ant
  9925 | D:9      | Reached skill level 9 in Fighting
  9969 | D:9      | Gained mutation: You have claws for hands. [demonic
                  | ancestry]
  9969 | D:9      | Reached XP level 11. HP: 79/97 MP: 9/11
 10258 | D:9      | Found a radiant altar of Vehumet.
 10258 | D:9      | Noticed Pikel
 10284 | D:9      | Killed Pikel
 10296 | D:9      | Found an iron altar of Okawaru.
 10307 | D:9      | Killed an unseen horror
 10327 | D:9      | Found a basalt altar of Yredelemnul.
 10336 | D:9      | Found an ancient bone altar of Kikubaaqudgha.
 10633 | D:9      | Found a staircase to the Lair.
 10727 | D:9      | Got the uncursed scale mail of Seev {rPois Stlth+}
 10754 | D:9      | Identified the +1 scale mail of Seev {rPois Stlth+} (You
                  | found it on level 9 of the Dungeon)
 10944 | D:9      | Reached *** piety under Ashenzari
 11264 | D:10     | Entered Level 10 of the Dungeon
 11597 | D:10     | Noticed Joseph
 11609 | D:10     | Killed Joseph
 12956 | D:11     | Noticed a red ugly thing
 12990 | D:10     | Killed a red ugly thing
 13277 | D:10     | Reached skill level 10 in Fighting
 13635 | D:11     | Noticed Fannar
 13692 | D:10     | Killed Fannar
 13754 | D:11     | Found Qiusan's Book Shoppe.
 13794 | D:12     | Noticed canine's ghost (journeyman GnDe)
 13822 | D:12     | Found a transporter.
 13841 | D:12     | Found a transporter.
 13851 | D:12     | Gained mutation: You are clumsy. (Dex -2) [a neqoxec]
 13860 | D:12     | Gained mutation: You occasionally shout uncontrollably at
                  | your foes. [a neqoxec]
 13877 | D:12     | Gained mutation: Scrolls take you a little longer to read.
                  | [a neqoxec]
 13891 | D:12     | HP: 7/150 [poisoned by canine's ghost]
 13892 | D:12     | Gained mutation: You tend to lose your temper in combat. [a
                  | neqoxec]
 13893 | D:12     | HP: 3/150 [poisoned by canine's ghost]
 13894 | D:12     | Succumbed to canine's ghost's poison

Illustrated notes

Levels and vault maps discovered:
D:1:      dpeg_arrival_round_c, layout_loops_ring, minmay_pentomino_r4
D:2:      layout_basic, minmay_surrounded, uniq_robin
D:3:      layout_loops_ring
D:4:      layout_loops_cross, temple_green, serial_park_tiny_2
D:5:      layout_basic, doesnt_xom_only_xom
D:6:      layout_loops_corners, fedhas_altar_decomposition
D:7:      layout_loops_ring, uniq_harold
D:8:      layout_basic, grunt_decor_clamped, trog_ov_bears_minmay, uniq_grum
D:9:      layout_basic, grunt_temple_overflow_cloverleaf, minivault_29,
          uniq_pikel
D:10:     layout_basic, uniq_joseph
D:11:     layout_cross, serial_shops, shop, uniq_fannar
D:12:     layout_stronghold, david_orc_2, gammafunk_ghost_stat_death,
          basic_altar, enter_bailey_2
Temple:   dpeg_five_rooms_temple

Skill      XL: |  1  2  3  4  5  6  7  8  9 10 11 |
---------------+----------------------------------+-----
Short Blades   | 2 3 4 5 6 7 9 |  9.1
Armour         | 3 4 6 7 8 9 |  9.3
Shields        | 3 4 6 7 8 9 |  9.3
Fighting       | 4 5 6 7 9 10 | 10.2
Stealth        | 1 |  1.9

Action                   |  1- 3 |  4- 6 |  7- 9 | 10-12 || total
-------------------------+-------+-------+-------+-------++-------
Melee: Rapier            |   119 |    69 |       |       ||   188
       Dagger            |       |   140 |   334 |   672 ||  1146
       Headbutt          |       |       |    63 |   178 ||   241
Invok: Curse Item        |       |     3 |       |       ||     3
  Use: Scroll            |       |     2 |    13 |       ||    15
       Potion            |       |       |     2 |     3 ||     5
 Stab: Distracted        |       |       |       |     2 ||     2
Armor: Ring mail         |     2 |       |       |       ||     2
       Scale mail        |    26 |       |       |       ||    26
       Chain mail        |     3 |    80 |       |       ||    83
       Plate armour      |       |    16 |   107 |   215 ||   338
Dodge: Dodged            |    38 |    35 |    34 |    82 ||   189
Block: Kite shield       |    65 |    82 |   112 |   247 ||   506
